 Dungeon Crawl Stone Soup version 0.20-a0-454-g2b43fbb (webtiles) character file.

1203 HarleyQuinn the Cleaver (level 8, 0/62 HPs)
             Began as a Minotaur Gladiator on Jan 9, 2017.
             Was an Initiate of Okawaru.
             Succumbed to a worker ant's poison
             ... on level 5 of the Dungeon.
             The game lasted 00:07:13 (4995 turns).

HarleyQuinn the Cleaver (Minotaur Gladiator)        Turns: 4995, Time: 00:07:14

Health: 0/62       AC:  9    Str: 20    XL:     8   Next: 21%
Magic:  7/7        EV: 14    Int:  5    God:    Okawaru [......]
Gold:   257        SH:  0    Dex: 18    Spells: 7/7 levels left

rFire  . . .     SeeInvis .     a - +0 war axe
rCold  . . .     Gourm    .     P - +0 chain mail
rNeg   + . .     Faith    .     (no shield)
rPois  .         Spirit   .     c - +0 hat
rElec  .         Reflect  .     (no cloak)
rCorr  .         Harm     .     z - +0 pair of gloves
MR     .....                    (no boots)
Stlth  ..........               G - amulet of rage
                                (no ring)
                                e - ring of positive energy

@: agile, lethally poisoned (0 -> -19), exhausted, slowed, very slow
A: retaliatory headbutt, horns 2
a: Renounce Religion, Evoke Berserk Rage


You were on level 5 of the Dungeon.
You worshipped Okawaru.
Okawaru was noncommittal.
You were very hungry.

You visited 2 branches of the dungeon, and saw 6 of its levels.
You also visited: Ossuary.

You collected 257 gold pieces.

Inventory:

Hand Weapons
 a - a +0 war axe (weapon)
Missiles
 d - 3 throwing nets (quivered)
Armour
 c - a +0 hat (worn)
 z - a +0 pair of gloves (worn)
 P - a +0 chain mail (worn)
Jewellery
 e - a ring of positive energy (left hand)
 G - an amulet of rage (around neck)
 N - an uncursed amulet of the gourmand {unknown}
 Q - a +4 ring of intelligence {unknown}
Wands
 k - a wand of flame (32/48)
 y - a wand of acid (6/15)
 I - a wand of scattershot (3/9)
Scrolls
 b - 3 scrolls of identify {unknown}
 g - 4 scrolls of immolation {unknown}
 h - 2 scrolls of noise {unknown}
 q - 5 scrolls of teleportation {unknown}
 t - 2 scrolls of recharging {unknown}
 w - 2 scrolls of enchant armour {unknown}
 B - 6 scrolls of remove curse {unknown}
 C - a scroll of fog {unknown}
 D - a scroll of enchant weapon {unknown}
 H - a scroll of magic mapping {unknown}
 L - a scroll of amnesia {unknown}
Potions
 i - a potion of agility
 l - a potion of cure mutation {unknown}
 m - a potion of invisibility {unknown}
 n - 3 potions of beneficial mutation {unknown}
 p - 3 potions of curing {unknown}
 r - 8 potions of heal wounds {unknown}
 s - 3 potions of brilliance {unknown}
 u - a potion of mutation {unknown}
 v - 4 potions of flight {unknown}
 x - a potion of might {unknown}
 A - a potion of ambrosia {unknown}
 F - a potion of resistance {unknown}
 J - 2 potions of magic {unknown}
 K - a potion of lignification {unknown}
Books
 E - a book of Changes

   Spells                             Type                      Level
   a - Beastly Appendage              Transmutation                1
   b - Sticks to Snakes               Transmutation                2
   c - Spider Form                    Transmutation/Poison         3
   d - Ice Form                       Ice/Transmutation            4
   e - Blade Hands                    Transmutation                5
Comestibles
 f - 3 bread rations
 j - a slice of pizza
 o - a royal jelly
 M - 2 beef jerkies
 O - a meat ration
 R - 4 fruits


   Skills:
 - Level 2.4 Fighting
 + Level 12.0 Axes
 - Level 2.0 Throwing
 - Level 3.2 Dodging


You had 7 spell levels left.
You didn't know any spells.

Dungeon Overview and Level Annotations

Branches:
Dungeon (5/15)             Temple (1/1) D:5

Altars:
Ashenzari
Cheibriados
Elyvilon
Fedhas
Gozag
Hepliaklqana
Kikubaaqudgha
Makhleb
Okawaru
Ru
Sif Muna
Trog
Uskayaw
Vehumet
Xom
Yredelemnul
Zin
The Shining One

Shops:
D:4 }

Annotations:
D:5 1 runed door


Innate Abilities, Weirdness & Mutations

You reflexively headbutt those who attack you in melee.
You have a pair of horns on your head.


Message History

* * * LOW HITPOINT WARNING * * *
You feel sick. The worker ant bites you.
* * * LOW HITPOINT WARNING * * *
You are more poisoned.
The worker ant poisons you! The worker ant bites you.
* * * LOW HITPOINT WARNING * * *
The worker ant bites you but does no damage. x2
Your chain mail prevents you from hitting the worker ant.
The worker ant is almost dead.
You hit the worker ant.
* * * LOW HITPOINT WARNING * * *
You feel very sick. The worker ant barely misses you. You furiously retaliate!
You headbutt the worker ant, but do no damage.
The worker ant barely misses you.
The worker ant bites you but does no damage.
You're too exhausted to go berserk.
It was a potion of agility.
You feel agile all of a sudden.
You die...

......##.#.#..........###.#########
##.........#..>...##.#.#.####
####.##.####..##.##.##.....#
#.########'############.###
#.#........[......#.......#
#.#...............#####.#.#
#.#....#######.b..#####.#.##
#.#....#b...†#....##.......# ##
#.#....+..).a@....##.......# #.
#.#....#....a#....##.......###.
#####.#....#######....##...........
......#...............##.......###.
#######...............##.......# #>
########'#########.......# #.
#.....#..# ##......## #.
#..####.#########......## #.
#.................<...## #.


You could see 2 worker ants.

Vanquished Creatures
  An ice beast (D:5)
  An ogre (D:5)
  The ghost of krigyl the Firebug, an amateur DrFE (D:3)
  A water moccasin zombie (Ossuary)
  A scorpion (D:5)
  A crimson imp (D:5)
  A centaur zombie (D:5)
  A bullfrog skeleton (D:5)
  A jelly (D:5)
  3 iguanas
  10 worker ants
  4 big kobold zombies (Ossuary)
  2 mummies (Ossuary)
  7 adders
  8 gnolls (D:5)
  2 shadow imps (D:5)
  2 oozes
  4 adder zombies (Ossuary)
  3 worms
  3 dart slugs (D:1)
  2 leopard geckos
  3 orcs (D:3)
  8 giant cockroaches
  2 gnoll zombies (Ossuary)
  8 goblins
  11 hobgoblins
  15 jackals
  2 quokkas
  8 bats
  7 frilled lizards
  8 hobgoblin zombies (Ossuary)
  7 kobolds
  2 kobold zombies (Ossuary)
  A leopard gecko skeleton (D:4)
  3 orc zombies (Ossuary)
  9 rats
  A butterfly (D:5)
154 creatures vanquished.

Notes
Turn   | Place    | Note
-------+----------+-------------------------------------------
     0 | D:1      | HarleyQuinn the Minotaur Gladiator began the quest for the Orb.
     0 | D:1      | Reached XP level 1. HP: 18/18 MP: 0/0
    65 | D:1      | Reached skill level 4 in Axes
   418 | D:1      | Reached XP level 2. HP: 25/25 MP: 1/1
   692 | D:1      | Reached skill level 5 in Axes
   816 | D:1      | Reached XP level 3. HP: 30/30 MP: 2/2
  1572 | D:2      | Reached XP level 4. HP: 36/37 MP: 3/3
  1719 | D:2      | Reached skill level 6 in Axes
  2190 | D:3      | Noticed krigyl's ghost (amateur DrFE)
  2201 | D:3      | Killed krigyl's ghost
  2201 | D:3      | Reached skill level 7 in Axes
  2201 | D:3      | Reached XP level 5. HP: 36/42 MP: 4/4
  2542 | D:4      | Reached skill level 8 in Axes
  2579 | D:4      | Reached XP level 6. HP: 50/50 MP: 5/5
  2927 | D:4      | Found a sand-covered staircase.
  2931 | Ossuary  | Entered an ossuary
  3034 | Ossuary  | Reached skill level 9 in Axes
  3590 | D:4      | Found Ikisupe's Gadget Emporium.
  3799 | D:5      | Entered Level 5 of the Dungeon
  3846 | D:4      | Reached XP level 7. HP: 56/56 MP: 6/6
  4008 | D:5      | Reached skill level 10 in Axes
  4013 | D:5      | Found a runed door.
  4041 | D:5      | Found a staircase to the Ecumenical Temple.
  4071 | Temple   | Entered the Ecumenical Temple
  4182 | Temple   | Became a worshipper of Warmaster Okawaru
  4615 | D:5      | Reached skill level 11 in Axes
  4718 | D:5      | Reached XP level 8. HP: 54/62 MP: 7/7
  4963 | D:5      | Found a runed door.
  4991 | D:5      | Reached skill level 12 in Axes
  4994 | D:5      | HP: 2/62 [poisoned by a worker ant]
  4995 | D:5      | Succumbed to a worker ant's poison

Vault maps used:
D:1:      evilmike_arrival_hilbert_curve
D:2:      hangedman_decor_push
D:4:      serial_shops, shop, nicolae_ossuary_entry_false_entrances
D:5:      lemuel_insect_pit, first_bread
Temple:   kilobyte_greek_temple
Ossuary:  ossuary_tomb_2

Skill      XL: |  1  2  3  4  5  6  7  8 |
---------------+-------------------------+-----
Axes           | 4 5 7 8 9 11 12 | 12.0
Fighting       | |  2.4
Throwing       | |  2.0
Dodging        | |  3.2

Action                   |  1- 3 |  4- 6 |  7- 9 || total
-------------------------+-------+-------+-------++-------
Melee: War axe           |    77 |   161 |   101 ||   339
       Headbutt          |    10 |    27 |    22 ||    59
 Abil: Evoke Berserk Rag |       |       |     2 ||     2
  Use: Potion            |       |       |     1 ||     1
  Eat: Chunk             |     2 |     7 |     5 ||    14
Armor: Leather armour    |     3 |       |       ||     3
       Scale mail        |    17 |    71 |       ||    88
       Chain mail        |       |       |    57 ||    57
Dodge: Dodged            |    50 |   112 |    52 ||   214
